 Dungeon Crawl Stone Soup version 0.31-a0-662-g684573625c (webtiles) character file.

Game seed: 13989794405028895940

14458 Gazhole the Impaler (level 11, 0/102 HPs)
             Began as a Minotaur Fighter on Aug 31, 2023.
             Was an Elder of Vehumet.
             Slain by a harpy (4 damage)
             ... on level 1 of the Vaults.
             The game lasted 01:43:17 (9857 turns).

Gazhole the Impaler (Minotaur Fighter)              Turns: 9857, Time: 01:43:20

Health: 0/102      AC: 20    Str: 28    XL:     11   Next: 89%
Magic:  0/19       EV:  9    Int:  4    God:    Vehumet [****..]
Gold:   453        SH:  0    Dex: 14    Spells: 9/10 levels left

rFire   . . .        v - +1 halberd
rCold   . . .        (shield currently unavailable)
rNeg    . . .        b - +0 plate armour
rPois   .            (helmet restricted)
rElec   .            (no cloak)
rCorr   .            (no gloves)
SInv    .            i - +2 pair of boots
Will    .....        x - amulet of guardian spirit Stlth
                     g - ring of magical power
HPRegen 0.37/turn    Q - +6 ring of strength
MPRegen 0.16/turn

%: guardian spirit
@: no status effects
A: horns 2, retaliatory headbutt, iridescent scales 1, agile 1, weak 1,
inability to read after injury 1, MP-powered wands
a: Renounce Religion


You were on level 1 of the Vaults.
You worshipped Vehumet.
Vehumet was greatly pleased with you.
You visited 2 branches of the dungeon, and saw 14 of its levels.

You collected 453 gold pieces.

Inventory:

Hand Weapons
 e - a +1 great mace
 v - a +1 halberd (weapon)
 C - a +3 great sword
Armour
 b - a +0 plate armour (worn)
 i - a +2 pair of boots (worn)
 o - a +1 chain mail
Magical Staves
 a - a staff of death
Jewellery
 g - a ring of magical power (left hand)
 m - a ring of ice
 w - an amulet of magic regeneration
 x - an amulet of guardian spirit (around neck)
 Q - a +6 ring of strength (right hand)
Talismans
 L - a storm talisman
Wands
 f - a wand of light (9)
 r - a wand of flame (6)
 K - a wand of polymorph (4)
 O - a wand of charming (12)
Scrolls
 c - a scroll of fog {unknown}
 d - a scroll of vulnerability
 j - 3 scrolls of amnesia
 k - 3 scrolls of silence
 l - a scroll of immolation {unknown}
 q - 2 scrolls of revelation
 t - a scroll of fear {unknown}
 F - a scroll of blinking {unknown}
 I - a scroll of summoning
 M - a scroll of poison {unknown}
 P - 2 scrolls of torment {unknown}
Potions
 n - a potion of haste
 s - a potion of magic
 u - 2 potions of enlightenment {unknown}
 z - 4 potions of curing
 A - 2 potions of lignification {unknown}
 E - a potion of berserk rage
 G - 2 potions of heal wounds {unknown}
 H - a potion of cancellation {unknown}
 N - a potion of brilliance {unknown}
Miscellaneous
 R - a phial of floods (inert)


   Skills:
 + Level 11.0 Fighting
 + Level 15.1 Polearms
 + Level 0.3 Throwing
 + Level 11.0 Armour
 + Level 3.0 Dodging
 + Level 2.3 Stealth
 - Level 4.1 Shields
 * Level 6.1 Evocations


You had 9 spell levels left.
You knew the following spells:

 Your Spells              Type           Power      Damage    Failure   Level
a - Kiss of Death         Conj/Necr      0%         2d5       69%         1

Your spell library contained the following spells:

 Spells                   Type           Power      Damage    Failure   Level
 Conjure Ball Lightning   Conj/Air       0%         3x3d6     100%        6
 Poisonous Vapours        Pois/Air       0%         N/A       82%         2
 Mephitic Cloud           Conj/Pois/Air  0%         N/A       95%         3
 Cigotuvi's Dreadful Rot  Necr/Pois/Air  0%         N/A       100%        2
 Ensorcelled Hibernation  Hex/Ice        0%         N/A       100%        2
 Lesser Beckoning         Tloc           0%         N/A       100%        2
 Passwall                 Tmut/Erth      0%         N/A       100%        2
 Gell's Gravitas          Tloc           0%         N/A       100%        3
 Swiftness                Air            0%         N/A       100%        3
 Teleport Other           Tloc           0%         N/A       100%        3
 Animate Dead             Necr           0%         N/A       100%        4
 Dispel Undead            Necr           0%         3d6       100%        4
 Freezing Cloud           Conj/Ice/Air   0%         6-21      100%        5
 Death Channel            Necr           0%         N/A       100%        6
 Haunt                    Necr/Summ      0%         N/A       100%        7
 Malign Gateway           Summ/Tloc      0%         N/A       100%        7
 Infestation              Necr           0%         N/A       100%        8
 Summon Horrible Things   Summ           0%         N/A       100%        8


Dungeon Overview and Level Annotations

Branches:
Dungeon (13/15)            Temple (0/1) D:4          Vaults (1/5) D:13
   Lair: D:8-11         Orc: D:9-12

Altars:
Cheibriados
Gozag
Vehumet

Shops:
D:5 :

Portals:
Trove: D:11 (give 7 potions of haste)

Annotations:
D:10 3 runed translucent doors, Swamplord's ghost, journeyman FeFi


Innate Abilities, Weirdness & Mutations

You have a pair of horns on your head.
You reflexively headbutt those who attack you in melee.
You are partially covered in iridescent scales. (AC +2)
You are agile. (Dex +4, Str/Int -1)
You are weak. (Str -2)
You occasionally lose the ability to read scrolls when taking damage.
You expend magic power (3 MP) to strengthen your wands.


Message History

You hear a trumpeting!
The harpy claws you but does no damage. The harpy barely misses you.
The harpy completely misses you. The harpy claws you but does no damage.
The harpy claws you. The harpy claws you but does no damage.
The harpy barely misses you. The harpy closely misses you.
The harpy barely misses you. You furiously retaliate!
You headbutt the harpy.
The harpy claws you. x3; The harpy claws you but does no damage. x2
The yaktaur captain hits you! The harpy claws you! The harpy claws you.
The harpy claws you!
The harpy claws you but does no damage. x2; The harpy closely misses you.
The harpy claws you. The harpy claws you but does no damage.
The yaktaur captain barely misses you. You furiously retaliate!
You headbutt the yaktaur captain! The harpy claws you but does no damage.
The harpy closely misses you. The harpy claws you. x2
There are monsters nearby!
The harpy barely misses you.
The harpy claws you but does no damage. x4
The harpy claws you. The harpy claws you but does no damage.
The harpy closely misses you.
The yaktaur captain hits you but does no damage.
You begin transforming.
You continue transforming.
The harpy claws you but does no damage. x2; The harpy closely misses you.
The harpy barely misses you.
The harpy claws you but does no damage. x4
The harpy closely misses you. The harpy barely misses you.
The yaktaur shoots a bolt.
The bolt hits you!
* * * LOW HITPOINT WARNING * * *
You continue transforming.
The harpy claws you but does no damage. x2; The harpy closely misses you.
The harpy barely misses you. The harpy claws you!
* * * LOW HITPOINT WARNING * * *
The harpy claws you but does no damage. The harpy barely misses you. x2
The yaktaur captain hits you but does no damage.
The harpy claws you.
* * * LOW HITPOINT WARNING * * *
The harpy claws you!
* * * LOW HITPOINT WARNING * * *
You continue transforming.
The yaktaur is no longer waterlogged. x3
The harpy claws you but does no damage. The harpy barely misses you.
The harpy claws you but does no damage. x2; The harpy claws you.
You die...

########
#......#
#..~~~.#
#..~~~.#
#..cc~.#
#.HHHc.#
#.H@c..+
#.c.H..#
########


You could see a yaktaur captain (waterlogged), 4 yaktaurs and 5 harpies.

Vanquished Creatures
  A vault guard (D:11)
  A centaur warrior (D:13)
  5 two-headed ogres
  A tengu warrior (D:13)
  A deep elf pyromancer (D:13)
  A cyclops (D:12)
  2 ugly things
  A gargoyle (D:10)
  A yaktaur (D:13)
  4 trolls (D:12)
  11 yaks
  2 shadows
  3 wraiths
  A steam dragon (D:9)
  2 water moccasins
  Duvessa (D:7)
  3 orc warriors
  2 ice beasts (D:7)
  A sky beast (D:8)
  A black bear (D:7)
  11 centaurs
  A phantom (D:5)
  2 bullfrogs
  3 gnoll sergeants
  3 scorpions
  3 wights (D:6)
  Dowan (D:7)
  4 killer bees (D:9)
  3 howler monkeys (D:9)
  2 jellies
  A gnoll bouda (D:6)
  7 orc priests
  2 iguanas (D:6)
  8 orc wizards
  A mummy (D:4)
  11 adders
  17 gnolls
  3 white imps
  3 ufetubi
  4 worms
  3 dart slugs
  38 orcs
  3 endoplasms (D:1)
  5 giant cockroaches
  9 goblins
  3 hobgoblins
  7 jackals
  4 quokkas
  3 ball pythons
  9 bats
  3 frilled lizards
  4 kobolds
  3 rats
229 creatures vanquished.

Vanquished Creatures (collateral kills)
  A catoblepas (D:13)
1 creature vanquished.

Vanquished Creatures (others)
  A yak (D:9)
1 creature vanquished.

Grand Total: 231 creatures vanquished

Notes
Turn   | Place    | Note
-------+----------+-------------------------------------------
     0 | D:1      | Gazhole the Minotaur Fighter began the quest for the Orb.
     0 | D:1      | Reached XP level 1. HP: 19/19 MP: 0/0
   112 | D:1      | Reached XP level 2. HP: 23/27 MP: 1/1
   315 | D:1      | Found a faded altar of an unknown god.
   327 | D:1      | Prayed at the altar of an unknown god.
   327 | D:1      | Became a worshipper of Vehumet
   327 | D:1      | Reached * piety under Vehumet
   327 | D:1      | Offered knowledge of Kiss of Death by Vehumet.
   524 | D:1      | Learned a level 1 spell: Kiss of Death
   658 | D:2      | Reached XP level 3. HP: 33/33 MP: 2/2
   662 | D:2      | Reached skill level 3 in Polearms
   795 | D:2      | Offered knowledge of Momentum Strike by Vehumet.
   868 | D:2      | Reached ** piety under Vehumet
  1241 | D:3      | Reached XP level 4. HP: 41/41 MP: 3/3
  1998 | D:3      | Gained mutation: Armour fits poorly on your strangely
                  | shaped body. [potion of mutation]
  1998 | D:3      | Gained mutation: You are vulnerable to cold. (rC-) [potion
                  | of mutation]
  1998 | D:3      | Gained mutation: You have large cloven feet. [potion of
                  | mutation]
  1998 | D:3      | Gained mutation: Your muscles are strong. (Str +4, Int/Dex
                  | -1) [potion of mutation]
  2006 | D:3      | Lost mutation: Armour fits poorly on your strangely shaped
                  | body. [potion of mutation]
  2006 | D:3      | Lost mutation: You have large cloven feet. [potion of
                  | mutation]
  2006 | D:3      | Gained mutation: Potions are less effective at restoring
                  | your health. [potion of mutation]
  2006 | D:3      | Gained mutation: You are partially covered in iridescent
                  | scales. (AC +2) [potion of mutation]
  2006 | D:3      | Lost mutation: Potions are less effective at restoring your
                  | health. [potion of mutation]
  2006 | D:3      | Gained mutation: You are robust. (+10% HP) [potion of
                  | mutation]
  2284 | D:4      | Reached skill level 1 in Dodging
  2348 | D:4      | Reached XP level 5. HP: 51/51 MP: 4/4
  2428 | D:4      | Reached skill level 4 in Polearms
  2493 | D:4      | Found a staircase to the Ecumenical Temple.
  2559 | D:4      | Offered knowledge of Dazzling Flash by Vehumet.
  2624 | D:4      | Found a snail-covered altar of Cheibriados.
  2831 | D:5      | Entered Level 5 of the Dungeon
  2988 | D:4      | Reached skill level 5 in Fighting
  3015 | D:4      | Reached skill level 5 in Polearms
  3049 | D:5      | Reached XP level 6. HP: 61/61 MP: 5/5
  3125 | D:5      | Reached *** piety under Vehumet
  3163 | D:5      | Reached skill level 6 in Polearms
  3163 | D:5      | Reached skill level 5 in Armour
  3332 | D:5      | Found Toeboif's Book Boutique.
  3351 | D:5      | Reached XP level 7. HP: 64/67 MP: 6/6
  3457 | D:5      | Reached skill level 7 in Polearms
  3473 | D:5      | Offered knowledge of Airstrike by Vehumet.
  3795 | D:6      | Reached skill level 1 in Stealth
  3800 | D:6      | Reached skill level 8 in Polearms
  3942 | D:6      | Reached XP level 8. HP: 44/74 MP: 7/7
  3954 | D:6      | Reached skill level 9 in Polearms
  4474 | D:7      | Reached skill level 10 in Polearms
  4595 | D:7      | Reached **** piety under Vehumet
  4622 | D:7      | Offered knowledge of Lee's Rapid Deconstruction by Vehumet.
  4764 | D:7      | Lost mutation: You are robust. (+10% HP) [potion of
                  | mutation]
  4764 | D:7      | Lost mutation: You are vulnerable to cold. (rC-) [potion of
                  | mutation]
  4764 | D:7      | Lost mutation: You are partially covered in iridescent
                  | scales. (AC +2) [potion of mutation]
  4764 | D:7      | Gained mutation: You are frail. (-10% HP) [potion of
                  | mutation]
  4765 | D:7      | Lost mutation: You are frail. (-10% HP) [potion of
                  | mutation]
  4765 | D:7      | Lost mutation: Your muscles are strong. (Str +4, Int/Dex
                  | -1) [potion of mutation]
  4765 | D:7      | Gained mutation: Your spells are a little harder to cast,
                  | but a little more powerful. [potion of mutation]
  4765 | D:7      | Gained mutation: You sometimes lose your temper in combat.
                  | [potion of mutation]
  4765 | D:7      | Gained mutation: You are strong-willed. (Will+) [potion of
                  | mutation]
  4766 | D:7      | Lost mutation: You are strong-willed. (Will+) [potion of
                  | mutation]
  4766 | D:7      | Lost mutation: Your spells are a little harder to cast, but
                  | a little more powerful. [potion of mutation]
  4766 | D:7      | Gained mutation: You expend magic power (3 MP) to
                  | strengthen your wands. [potion of mutation]
  4766 | D:7      | Gained mutation: Your movements are slightly less
                  | encumbered by armour. (ER -2) [potion of mutation]
  4766 | D:7      | Gained mutation: You are partially covered in iridescent
                  | scales. (AC +2) [potion of mutation]
  4766 | D:7      | Gained mutation: You are agile. (Dex +4, Str/Int -1)
                  | [potion of mutation]
  4767 | D:7      | Lost mutation: You are partially covered in iridescent
                  | scales. (AC +2) [potion of mutation]
  4767 | D:7      | Lost mutation: You sometimes lose your temper in combat.
                  | [potion of mutation]
  4767 | D:7      | Lost mutation: Your movements are slightly less encumbered
                  | by armour. (ER -2) [potion of mutation]
  4767 | D:7      | Gained mutation: You occasionally lose the ability to read
                  | scrolls when taking damage. [potion of mutation]
  4767 | D:7      | Gained mutation: You are weak. (Str -2) [potion of
                  | mutation]
  4767 | D:7      | Gained mutation: You are partially covered in iridescent
                  | scales. (AC +2) [potion of mutation]
  4828 | D:7      | Noticed Duvessa
  4829 | D:7      | Noticed Dowan
  4836 | D:7      | Killed Duvessa
  4841 | D:7      | Reached XP level 9. HP: 74/78 MP: 8/8
  4847 | D:7      | Killed Dowan
  5003 | D:7      | Reached skill level 11 in Polearms
  5137 | D:8      | Noticed a two-headed ogre
  6041 | D:9      | Reached skill level 12 in Polearms
  6056 | D:8      | Reached skill level 1 in Evocations
  6510 | D:10     | Entered Level 10 of the Dungeon
  6608 | D:10     | Reached XP level 10. HP: 83/90 MP: 9/9
  6609 | D:10     | Reached ***** piety under Vehumet
  6611 | D:10     | Offered knowledge of Conjure Ball Lightning by Vehumet.
  6809 | D:10     | Noticed a gargoyle
  6834 | D:10     | Killed a gargoyle
  7059 | D:10     | Noticed a two-headed ogre
  7067 | D:10     | Killed a two-headed ogre
  7068 | D:10     | Reached skill level 13 in Polearms
  7159 | D:10     | Found a runed translucent gate.
  7159 | D:10     | Found an opulent altar of Gozag.
  7160 | D:10     | Found a runed translucent gate.
  7160 | D:10     | Found a runed translucent gate.
  7162 | D:10     | Noticed Swamplord's ghost (journeyman FeFi)
  7162 | D:10     | Noticed a centaur warrior
  7165 | D:10     | Noticed a cyclops
  7441 | D:11     | Noticed a two-headed ogre
  7447 | D:11     | Killed a two-headed ogre
  7493 | D:11     | Noticed a two-headed ogre
  7499 | D:11     | Killed a two-headed ogre
  7500 | D:11     | Reached skill level 14 in Polearms
  7506 | D:11     | Noticed a vault guard
  7515 | D:11     | Killed a vault guard
  7516 | D:11     | Reached skill level 10 in Fighting
  7516 | D:11     | Reached XP level 11. HP: 87/99 MP: 10/10
  7519 | D:11     | Found a portal to a secret trove of treasure.
  7937 | D:12     | Noticed a green ugly thing
  7938 | D:12     | Noticed a two-headed ogre
  7953 | D:11     | Killed a green ugly thing
  8273 | D:11     | Killed a two-headed ogre
  8322 | D:12     | Noticed a two-headed ogre
  8327 | D:12     | Killed a two-headed ogre
  8328 | D:12     | Reached skill level 10 in Armour
  8510 | D:12     | Noticed a boulder beetle
  9031 | D:13     | Noticed a deep elf pyromancer
  9034 | D:13     | Killed a deep elf pyromancer
  9035 | D:13     | Reached skill level 5 in Evocations
  9035 | D:13     | Noticed a yaktaur captain
  9037 | D:13     | a yaktaur captain changed into a catoblepas
  9037 | D:13     | Noticed a catoblepas
  9039 | D:13     | Noticed a cyan ugly thing
  9294 | D:13     | Noticed a centaur warrior
  9297 | D:13     | Killed a centaur warrior
  9298 | D:13     | Reached skill level 15 in Polearms
  9493 | D:13     | Noticed a tengu warrior
  9504 | D:13     | Killed a catoblepas
  9512 | D:13     | Killed a tengu warrior
  9543 | D:13     | Killed a cyan ugly thing
  9818 | D:13     | Found a gate to the Vaults.
  9850 | Vaults:1 | Entered Level 1 of the Vaults
  9850 | Vaults:1 | Noticed a yaktaur captain
  9850 | Vaults:1 | Noticed a harpy
  9850 | Vaults:1 | Noticed a harpy
  9850 | Vaults:1 | Noticed a harpy
  9850 | Vaults:1 | Noticed a harpy
  9850 | Vaults:1 | Noticed a harpy
  9856 | Vaults:1 | HP: 4/102 [harpy (6)]
  9857 | Vaults:1 | Slain by a harpy

Illustrated notes

Levels and vault maps discovered:
D:1:      dpeg_arrival_renting, layout_basic,
          ebering_ecumenical_altar_sacrificial, minmay_tree_intersection,
          nicolae_the_louvre
D:2:      layout_rooms
D:3:      layout_basic, serial_corexii_hall, chequers_hall_statues_corner_a,
          chequers_hall_statues_y
D:4:      layout_basic, slow_altar_1, temple_hall, lightli_sewer_entry_pipes,
          uniq_crazy_yiuf_cottage
D:5:      layout_basic, serial_shops, nicolae_shop_hallway_plus,
          kennysheep_generic_room_7
D:6:      layout_basic
D:7:      layout_loops_ring, uniq_duvessa
D:8:      layout_cave_pods, david_lair_generic
D:9:      layout_big_octagon, mainiacjoe_overflow_alcove_2, david_orc_5,
          serial_shops, nicolae_shop_peninsula, uniq_erolcha
D:10:     layout_loops_cross, led_sif_book, ebering_ghost_gozag,
          patterned_corridor
D:11:     layout_irregular_city, enter_trove_5
D:12:     layout_rooms, minivault_4
D:13:     layout_stronghold, david_vaults_2, gammafunk_ghost_nasty_kobolds,
          disabler_island
Vaults:1: nicolae_vaults_offset_grid_hallway_3, ontoclasm_vaults_spin,
          nicolae_vaults_asterisk, nicolae_vaults_tetromino_Z_1,
          nicolae_vaults_taking_the_gang_shopping, v_alt_pattern_1,
          v_alt_pattern_6, v_misc_17, layout_vaults_omnigrid, uniq_zenata

Skill      XL: |  1  2  3  4  5  6  7  8  9 10 11 |
---------------+----------------------------------+-----
Fighting       | 4 5 6 8 10 11 | 11.0
Armour         | 4 5 6 8 9 11 | 11.0
Polearms       | 3 5 6 8 10 12 14 15 | 15.1
Shields        | 4 |  4.1
Dodging        | 1 2 3 |  3.0
Stealth        | 1 2 |  2.3
Evocations     | 2 3 6 |  6.1
Throwing       | |  0.3

Action                     |  1- 3 |  4- 6 |  7- 9 | 10-12 || total
---------------------------+-------+-------+-------+-------++-------
  Melee: Trident           |    88 |    89 |       |       ||   177
         Headbutt          |    13 |    20 |    33 |    29 ||    95
         Halberd           |       |    64 |   277 |   164 ||   505
  Throw: Throwing net      |       |       |       |     2 ||     2
  Evoke: Wand              |       |       |    18 |    42 ||    60
         Phial of floods   |       |       |       |     2 ||     2
    Use: Scroll            |     5 |     6 |     6 |     5 ||    22
         Potion            |       |     2 |     6 |     3 ||    11
   Stab: Petrified         |       |       |       |     1 ||     1
 Armour: Scale mail        |    29 |       |       |       ||    29
         Chain mail        |     3 |    82 |   230 |    32 ||   347
         Plate armour      |       |       |       |   194 ||   194
  Dodge: Dodged            |    25 |    53 |   109 |    78 ||   265
  Block: Buckler           |     9 |     7 |       |       ||    16
   Form: Storm             |       |       |       |     1 ||     1

Table legend: (Time is in decaauts)
 A = Elapsed time spent in this place.
 B = Non-inter-level travel time spent in this place.
 C = Inter-level travel time spent in this place.
 D = Time resting spent in this place.
 E = Time spent auto-exploring this place.
 F = Levels seen in this place.
 G = Mean time per level.
                   A        B        C        D        E       F      G
               +--------+--------+--------+--------+--------+-----+--------+
         Total |   9861 |   9850 |     11 |    831 |      0 |  14 |  704.4 |
       Dungeon |   9854 |   9843 |     11 |    831 |      0 |  13 |  758.0 |
        Vaults |      7 |      7 |      0 |      0 |      0 |   1 |    7.0 |
               +--------+--------+--------+--------+--------+-----+--------+

Top non-repeatable levels by time:
    D:11: 1405 daAuts
     D:7: 1042 daAuts
     D:3: 1004 daAuts
    D:13: 817 daAuts
     D:5: 798 daAuts
     D:4: 793 daAuts
     D:6: 682 daAuts
    D:10: 648 daAuts
     D:1: 640 daAuts
     D:8: 575 daAuts
     D:9: 572 daAuts
     D:2: 447 daAuts
    D:12: 425 daAuts
Vaults:1: 7 daAuts
